 Dungeon Crawl Stone Soup version 0.18.1-1-g2f07953 (webtiles) character file.

58 imoen the Sneak (level 3, -1/16 HPs)
             Began as a Spriggan Enchanter on May 7, 2016.
             Killed from afar by an orc wizard (3 damage)
             ... with a magic dart
             ... on level 3 of the Dungeon.
             The game lasted 00:11:16 (2486 turns).

imoen the Sneak (Spriggan Enchanter)                Turns: 2486, Time: 00:11:17

Health: -1/16      AC:  4    Str:  4    XL:     3   Next: 76%
Magic:  0/8        EV: 18    Int: 17    God:
Gold:   100        SH:  0    Dex: 16    Spells: 2 memorised, 4 levels left

rFire  . . .     SeeInvis +     j - +0 short sword
rCold  . . .     Gourm    .     b - +1 robe
rNeg   . . .     Faith    .     (shield restricted)
rPois  +         Spirit   .     (helmet restricted)
rElec  .         Dismiss  .     t - +0 cloak
rCorr  .         Reflect  .     (gloves unavailable)
SustAt .         Harm     .     (boots unavailable)
MR     .....                    (no amulet)
Stlth  +++.......               (no ring)
                                k - ring of poison resistance

@: very slightly contaminated, very quick, not resistant to hostile
enchantments, fairly stealthy
A: unfitting armour, see invisible, herbivore 3, speed 3, slow metabolism 2
a: no special abilities


You were on level 3 of the Dungeon.
You were hungry.

You visited 1 branch of the dungeon, and saw 3 of its levels.

You collected 100 gold pieces.

Inventory:

Hand Weapons
 a - a +1 dagger
 j - a +0 short sword (weapon)
   (You took it off a kobold on level 1 of the Dungeon)
Missiles
 f - 29 poisoned needles
 n - 5 tomahawks (quivered)
Armour
 b - a +1 robe (worn)
 t - a +0 cloak (worn)
   (You found it on level 2 of the Dungeon)
Jewellery
 k - a ring of poison resistance (left hand)
   (You found it on level 1 of the Dungeon)
Scrolls
 e - 2 scrolls of fear {unknown}
 h - 3 scrolls of enchant armour {unknown}
 i - a scroll of immolation {unknown}
 o - a scroll of blinking {unknown}
 p - a scroll of teleportation {unknown}
 u - a scroll of identify {unknown}
Potions
 g - a potion of lignification {unknown}
 m - a potion of agility {unknown}
 q - 2 potions of haste {unknown}
 r - 4 potions of heal wounds {unknown}
 s - a potion of ambrosia {unknown}
 v - a potion of invisibility {unknown}
 w - a potion of degeneration {unknown}
Books
 c - a book of Maledictions
Comestibles
 d - 4 bread rations
 l - 3 fruits


   Skills:
 + Level 4.1 Short Blades
 - Level 3.0 Dodging
 - Level 4.4 Stealth
 - Level 2.6 Spellcasting
 - Level 3.6 Hexes


You had 4 spell levels left.
You knew the following spells:

 Your Spells              Type           Power        Failure   Level  Hunger
a - Corona                Hex            ##.....      4%          1    #......
f - Ensorcelled Hibernat  Hex/Ice        #.....       17%         2    ##.....


Dungeon Overview and Level Annotations

Branches:
Dungeon (3/15)

Altars:
Ashenzari
Xom


Innate Abilities, Weirdness & Mutations

You are tiny and cannot use many weapons and most armour.
You have supernaturally acute eyesight.
You are a herbivore.
You cover ground extremely quickly.
You need consume almost no food.


Message History

You hit the giant cockroach but do no damage.
The giant cockroach misses you.
You closely miss the giant cockroach. The giant cockroach misses you.
The giant cockroach closely misses you.
You hit the giant cockroach. The giant cockroach misses you.
You hit the giant cockroach.
You kill the giant cockroach!
You see here a giant cockroach corpse.
Found a shattered altar of Ashenzari.
An orc comes into view.
An orc is nearby!
Unknown command.
An orc comes into view.
It is wielding a club. 2 orcs come into view.
The orc shouts!
The orc picks up a sapphire potion.
An orc wizard comes into view. It is wielding a dagger.
The orc shouts!
The orc shouts!
The orc closely misses you.
You barely miss the orc. The orc misses you.
Unknown command.
You barely miss the orc. The orc hits you with a hand axe.
You take 3 damage, and have 13/16 hp.
Unknown command.
A giant gecko comes into view.
Aim: an orc, wearing a ring mail (chance to defeat MR: 78%)
The orc looks drowsy...
The orc wizard gestures wildly while chanting.
The orc wizard blinks!
You now have 6/8 mp.
Unknown command.
Aim: an orc, wielding a hand axe and wearing a leather armour (chance to defeat MR: 78%)
The orc looks drowsy...
You are feeling hungry.
The orc shouts!
You now have 4/8 mp.
You hit the orc but do no damage.
The orc shouts!
The orc closely misses you.
You hit the orc. The orc closely misses you. The orc completely misses you.
You don't know that spell.
The orc misses you.
You hit the orc but do no damage.
The orc wizard mumbles some strange words.
The orc wizard blinks!
The orc hits you but does no damage.
You barely miss the orc. The orc completely misses you.
You hit the orc but do no damage. The orc misses you.
You hit the orc. The orc hits you.
You take 2 damage, and have 12/16 hp.
You barely miss the orc.
The orc wizard gestures wildly while chanting.
The orc wizard seems to speed up.
You hit the orc but do no damage. The orc barely misses you.
The orc wizard casts a spell.
The orc wizard blinks!
You hit the orc.
You kill the orc!
Aim: a giant gecko (clinging, chance to defeat MR: 78%)
You miscast Ensorcelled Hibernation.
You are very lightly contaminated with residual magic.
Frost covers your body. The orc misses you.
You now have 3/8 mp.
Aim: a giant gecko (clinging, chance to defeat MR: 78%)
The orc is unaffected.
The orc hits you but does no damage.
You now have 1/8 mp.
You don't have enough magic to cast that spell.
You hit the orc but do no damage. You hit the orc wizard.
You completely miss the orc wizard. The orc wizard barely misses you.
The orc wizard hits you with a dagger.
* * * LOW HITPOINT WARNING * * *
You take 1 damage, and have 11/16 hp.
Unknown command.
Aim: an orc wizard, wielding a dagger and wearing a robe (lightly wounded, fast, chance to defeat MR: 39%)
The orc wizard looks drowsy...
You now have 0/8 mp.
The orc wizard shouts!
You hear a shout!
The orc wizard barely misses you.
You hit the orc wizard. The orc wizard hits you with a dagger.
* * * LOW HITPOINT WARNING * * *
You take 2 damage, and have 9/16 hp.
Unknown command.
The orc wizard casts a spell at you. The magic dart hits you!
* * * LOW HITPOINT WARNING * * *
You take 7 damage, and have 2/16 hp.
MASSIVE DAMAGE!!
Unknown command.
Unknown command.
Unknown command.
You aren't carrying any items that you can evoke.
Unknown command.
Unknown command.
Unknown command.
Unknown command.
The orc wizard points at you and mumbles some strange words.
The magic dart hits you!
You die...

#............ #######
#.##.#....#.##.# .......
#.........._...#
.......#######.##.#.#.#..#
..........[....##.#.#.##.#
.........l###.o...#.#.##.#
###.###.#.# ##.####.#.....
#+###+#.####o#########.#
.......@................
.......#################
.......+^..# #
.......###.# # ....... #.#
# ....... #<# # #####+#
#.# # #.#############
#..............


You could see an orc wizard and a giant gecko.

Vanquished Creatures
  2 adders (D:2)
  2 dart slugs (D:1)
  An orc (D:3)
  5 giant cockroaches
  4 goblins
  2 hobgoblins (D:1)
  4 bats
  6 giant newts
  6 kobolds
  5 rats
37 creatures vanquished.

Notes
Turn   | Place    | Note
--------------------------------------------------------------
     0 | D:1      | imoen the Spriggan Enchanter began the quest for the Orb.
     0 | D:1      | Reached XP level 1. HP: 9/9 MP: 5/5
   277 | D:1      | Reached skill level 2 in Short Blades
   312 | D:1      | Reached XP level 2. HP: 13/13 MP: 6/6
   335 | D:1      | Learned a level 2 spell: Ensorcelled Hibernation
   361 | D:1      | HP: 2/13 [kobold/club (4)]
   771 | D:1      | Reached skill level 3 in Short Blades
  1290 | D:2      | Reached XP level 3. HP: 16/16 MP: 0/8
  1490 | D:2      | Found a shimmering altar of Xom.
  2061 | D:2      | Reached skill level 4 in Short Blades
  2427 | D:3      | Found a shattered altar of Ashenzari.
  2479 | D:3      | HP: 2/16 [orc wizard/magic dart (7)]
  2486 | D:3      | Killed from afar by an orc wizard

Skill      XL: |  1  2  3 |
---------------+----------+-----
Short Blades   | 2 3 4 |  4.1
Dodging        | |  3.0
Stealth        | |  4.4
Spellcasting   | |  2.6
Hexes          | |  3.6

Action                   || total
-------------------------++-------
Melee: Dagger            ||    16
       Short sword       ||    97
 Cast: Ensorcelled Hiber ||    21
 Stab: Sleeping          ||    20
Armor: Robe              ||    12
Dodge: Dodged            ||    77

Vault maps used:
D:1:      denvon_arrival_waterhouse, st_stairs_13
D:2:      overflow_temple_1_default, first_bread
D:3:      ashenzari_altar_1, uniq_terence, uniq_jessica

Table legend:
 A = Turns spent in this place as a percentage of turns spent in the entire game.
 B = Non-inter-level travel turns spent in this place as a percentage of non-inter-level travel turns spent in the entire game.
 C = Inter-level travel turns spent in this place as a percentage of turns spent in this place.
 D = Turns resting spent in this place as a percentage of non-inter-level travel turns spent in this place.
 E = Turns spent auto-exploring this place as a percentage of non-inter-level travel turns spent in this place.
 F = Non-inter-level travel turns spent in this place divided by the number of levels of this place that you've seen.
                   A       B       C       D       E      F
               +-------+-------+-------+-------+-------+----------------------
         Total | 100.0 | 100.0 |   0.2 |   0.3 |   6.0 | 266.0
       Dungeon | 100.0 | 100.0 |   0.2 |   0.3 |   6.0 | 266.0
               +-------+-------+-------+-------+-------+----------------------

Table legend:
 A = Kills in this place as a percentage of kills in entire the game.
 B = Kills by you in this place as a percentage of kills by you in the entire game.
 C = Kills by friends in this place as a percentage of kills by friends in the entire game.
 D = Other kills in this place as a percentage of other kills in the entire game.
 E = Experience gained in this place as a percentage of experience gained in the entire game.
 F = Experience gained in this place divided by the number of levels of this place that you have seen.
                   A       B       C       D       E      F
               +-------+-------+-------+-------+-------+----------------------
         Total | 100.0 | 100.0 |  -nan |  -nan | 100.0 |  28.0
       Dungeon | 100.0 | 100.0 |  -nan |  -nan | 100.0 |  28.0
               +-------+-------+-------+-------+-------+----------------------
